 Dungeon Crawl Stone Soup version bcrawl-1.38.3 (webtiles) character file.

Game seed: 11827673786964286307

120087 Corvidia the Skirmisher (level 3, -9/29 HPs)
             Began as a Demonspawn Fighter on June 29, 2023.
             Mangled by an orc warrior
             ... wielding a +0 dire flail
              (20 damage)
             ... on level 3 of the Dungeon.
             The game lasted 00:01:32 (1576 turns).

Corvidia the Skirmisher (Demonspawn Fighter)        Turns: 1576, Time: 00:01:33

Health: -9/29      AC:  6    Str: 16    XL:     3   Next: 78%
Magic:  3/3        EV:  5    Int: 10    God:
Gold:   99         SH:  8    Dex: 12    Spells: 2/2 levels left

rFire    . . .     GDR:     27% a - +0 war axe
rCold    . . .     SeeInvis .   c - +0 medium shield
rNeg     + . .     Gourm    .   b - +0 scale mail
rPois    .         Faith    .   (helmet restricted)
rElec    .         Spirit   .   (no cloak)
rCorr    .         Reflect  .   (no gloves)
MR       .....                  (no boots)
Stlth    ..........             (no amulet)
HPRegen  0.14/turn              k - ring of positive energy
MPRegen  0.08/turn              (no ring)

@: no status effects
A: antennae 1
a: no special abilities


You were on level 3 of the Dungeon.
You were not hungry.

You visited 1 branch of the dungeon, and saw 3 of its levels.

You collected 99 gold pieces.

Inventory:

Hand Weapons
 a - a +0 war axe (weapon)
Armour
 b - a +0 scale mail (worn)
 c - a +0 medium shield (worn)
Jewellery
 k - a ring of positive energy (left hand)
Wands
 o - a wand of polymorph (9)
Scrolls
 f - 3 scrolls of teleportation {unknown}
 h - a scroll of blinking {unknown}
 i - 4 scrolls of identify
 j - a scroll of enchant weapon {unknown}
 l - 2 scrolls of enchant armour {unknown}
 m - a scroll of noise {unknown}
 n - 4 scrolls of fog {unknown}
Potions
 d - a potion of might
 g - 2 potions of resistance {unknown}
 q - a potion of curing {unknown}
 r - a potion of degeneration {unknown}
Comestibles
 e - 5 rations {!d}


   Skills:
 + Level 3.4 Fighting
 - Level 2.0 Axes
 + Level 3.1 Armour
 + Level 1.3 Dodging
 + Level 3.1 Shields


You had 2 spell levels left.
You didn't know any spells.
Your spell library was empty.

Dungeon Overview and Level Annotations

Branches:
Dungeon (3/12)

Altars:


Innate Abilities, Weirdness & Mutations

You have a pair of small antennae on your head.


Message History

You hit the orc warrior but do no damage.
The orc warrior is moderately wounded.
The orc warrior hits you but does no damage.
A scorpion comes into view.
A leopard gecko comes into view.
You block the orc warrior's attack.
The leopard gecko hisses angrily.
You hit the orc warrior but do no damage.
The orc warrior is moderately wounded.
An orc wizard comes into view. It is wielding a +0 dagger.
You block the orc warrior's attack. The leopard gecko barely misses you.
You closely miss the orc warrior.
The orc warrior is moderately wounded.
You hit the leopard gecko. The leopard gecko barely misses you.
The orc warrior hits you with a +0 dire flail!
An orc comes into view. It is wielding a +0 hand axe.
You block the leopard gecko's attack.
An orc comes into view. It is wielding a +0 short sword.
The orc warrior hits you with a +0 dire flail!!
Ouch! That really hurt!
You die...

. # . ...#.o
...
...soo####....#
......l@o...#
.$?...#####.#
..... ...$ ...
##


You could see an orc warrior, a scorpion, 2 orcs and a leopard gecko.

Vanquished Creatures
  An adder (D:2)
  An ooze (D:1)
  4 dart slugs
  2 leopard geckos
  2 giant cockroaches (D:1)
  4 goblins
  2 hobgoblins (D:1)
  3 jackals (D:2)
  A quokka (D:2)
  2 ball pythons
  5 bats
  3 frilled lizards
  4 kobolds
  2 rats
36 creatures vanquished.

Notes
Turn   | Place    | Note
-------+----------+-------------------------------------------
     0 | D:1      | Corvidia the Demonspawn Fighter began the quest for the
                  | Orb.
     0 | D:1      | Reached XP level 1. HP: 18/18 MP: 1/1
   321 | D:1      | Gained mutation: You have a pair of small antennae on your
                  | head. [demonic ancestry]
   321 | D:1      | Reached XP level 2. HP: 24/24 MP: 2/2
  1002 | D:2      | Reached skill level 1 in Dodging
  1002 | D:2      | Reached XP level 3. HP: 29/29 MP: 3/3
  1571 | D:3      | Noticed an orc warrior
  1573 | D:3      | Noticed a scorpion
  1576 | D:3      | Mangled by an orc warrior

Skill      XL: |  1  2 |
---------------+-------+-----
Axes           | 2 |  2.0
Armour         | 3 |  3.1
Dodging        | 1 |  1.3
Shields        | 3 |  3.1
Fighting       | |  3.4

Action                   || total
-------------------------++-------
Melee: War axe           ||    99
  Eat: Chunk             ||     6
Armor: Scale mail        ||    69
Dodge: Dodged            ||    18
Block: Medium shield     ||    61
